EVO
STANFORD UNIVERSITY CARDINAL @ VANDERBILT UNIVERSITY COMMODORES
11/20/2045
 
TOP OF THE 1ST
Stanford University Cardinal batting - Pitching for University of South Carolina Gamecocks : RHP Tim Tucker
Pitching: RHP Tim Tucker
Batting: RHB Zack DiCicco 0-0: Called Strike
0-1: Swinging Strike
0-2: Ball
1-2: Strikes out swinging
Batting: RHB Bill Moldenhauer 0-0: Called Strike
0-1: Swinging Strike
0-2: Ground out 4-3 (Groundball, 4, EV 88.1 MPH)
Batting: SHB Ryan Doss 0-0: Called Strike
0-1: Fly out, F7 (Flyball, 7D, EV 96.3 MPH)
Top of the 1st over - 0 runs, 0 hits, 0 errors, 0 left on base; Stanford University 0 - University of South Carolina 0
BOTTOM OF THE 1ST
University of South Carolina Gamecocks batting - Pitching for Stanford University Cardinal : LHP Ken Intagliata
Pitching: LHP Ken Intagliata
Batting: RHB Mike Sebastian 0-0: Swinging Strike
0-1: Ball
1-1: Swinging Strike
1-2: Strikes out swinging
Batting: RHB Scott Dove 0-0: Ball
1-0: Swinging Strike
1-1: Bunt for hit to 13 - play at first, batter safe!
Batting: RHB John Paredes 0-0: Called Strike
Scott Dove steals 2nd, throwing error, E2
Scott Dove to third
0-1: Fly out, F6 (Flyball, 6D, EV 80.0 MPH)
Batting: RHB Kevin Roseen 0-0: Ball
1-0: Ball
2-0: Foul Ball, location: 2F
2-1: Fly out, F4 (Flyball, 3D, EV 92.5 MPH)
Bottom of the 1st over - 0 runs, 1 hit, 1 error, 1 left on base; Stanford University 0 - University of South Carolina 0
TOP OF THE 2ND
Stanford University Cardinal batting - Pitching for University of South Carolina Gamecocks : RHP Tim Tucker
Batting: LHB Tom Raupp 0-0: Ball
1-0: Called Strike
1-1: Foul Ball, location: 2F
1-2: Foul Ball, location: 2F
1-2: Ball
2-2: Ball
3-2: SOLO HOME RUN (Flyball, 89XD, EV 91.9 MPH), Distance : 400 ft
Batting: RHB Federico Naranjo 0-0: Ball
1-0: Ball
2-0: Foul Ball, location: 2F
2-1: Called Strike
2-2: Strikes out swinging
Batting: RHB Bruce Ayotte 0-0: Foul Ball, location: 2F
0-1: SINGLE (Line Drive, 6M, EV 96.3 MPH)
Batting: RHB Nick Phipps 0-0: Ball
1-0: Called Strike
1-1: Ball
2-1: Ball
3-1: Base on Balls
Bruce Ayotte to second
Batting: SHB Jarrod Lindblad 0-0: Swinging Strike
0-1: Ball
1-1: Swinging Strike
1-2: Ball
2-2: Strikes out looking
Batting: LHB Ken Intagliata 0-0: Ball
1-0: DOUBLE (Line Drive, 89D, EV 114.4 MPH)
Bruce Ayotte scores
Nick Phipps to third
Batting: RHB Zack DiCicco 0-0: Ball
1-0: Called Strike
1-1: Ball
2-1: Ground out 1-3 (Groundball, 23, EV 68.8 MPH)
Top of the 2nd over - 2 runs, 3 hits, 0 errors, 2 left on base; Stanford University 2 - University of South Carolina 0
BOTTOM OF THE 2ND
University of South Carolina Gamecocks batting - Pitching for Stanford University Cardinal : LHP Ken Intagliata
Batting: RHB Billy Grubbs 0-0: Ball
1-0: Ball
2-0: SOLO HOME RUN (Flyball, 7D, EV 87.5 MPH), Distance : 410 ft
Batting: SHB Charlie Keller 0-0: SINGLE (Flyball, 89S, EV 94.4 MPH)
Batting: RHB Jesus Santiago 0-0: Ball
1-0: Swinging Strike
1-1: Called Strike
1-2: Grounds into double play, 5-4-3 (Groundball, 56S, EV 88.1 MPH)
Batting: LHB Phil Gould 0-0: Ball
1-0: Foul Ball, location: 2F
1-1: Foul Ball, location: 2F
1-2: Ground out U3 (Groundball, 3, EV 83.8 MPH)
Bottom of the 2nd over - 1 run, 2 hits, 0 errors, 0 left on base; Stanford University 2 - University of South Carolina 1
TOP OF THE 3RD
Stanford University Cardinal batting - Pitching for University of South Carolina Gamecocks : RHP Tim Tucker
Batting: RHB Bill Moldenhauer 0-0: Swinging Strike
0-1: Foul Ball, location: 2F
0-2: Foul Ball, location: 2F
0-2: Ball
1-2: Strikes out swinging
Batting: SHB Ryan Doss 0-0: Foul Ball, location: 2F
0-1: Called Strike
0-2: Ball
1-2: Ball
2-2: Foul Ball, location: 2F
2-2: Ball
3-2: SINGLE (Groundball, 4D, EV 95.0 MPH)
Batting: LHB Tom Raupp 0-0: Called Strike
0-1: Ball
1-1: Foul Ball, location: 2F
1-2: Ball
2-2: SINGLE (Groundball, 34D, EV 102.5 MPH)
Ryan Doss to second
Runner from 2nd tries for 3rd, SAFE, throw by RF made to third
Batting: RHB Federico Naranjo 0-0: Called Strike
0-1: Swinging Strike
0-2: Ball
1-2: Strikes out swinging
Batting: RHB Bruce Ayotte 0-0: Called Strike
0-1: Fly out, F8 (Flyball, 78S, EV 96.3 MPH)
Top of the 3rd over - 0 runs, 2 hits, 0 errors, 2 left on base; Stanford University 2 - University of South Carolina 1
BOTTOM OF THE 3RD
University of South Carolina Gamecocks batting - Pitching for Stanford University Cardinal : LHP Ken Intagliata
Batting: RHB Tim Tucker 0-0: Called Strike
0-1: Foul Ball, location: 2F
0-2: Foul Ball, location: 2F
0-2: Ball
1-2: Ball
2-2: Strikes out looking
Batting: RHB Mike Sebastian 0-0: Ball
1-0: Called Strike
1-1: Foul Ball, location: 2F
1-2: Ball
2-2: Foul Ball, location: 2F
2-2: Fly out, F6 (Line Drive, 6, EV 66.9 MPH)
Batting: RHB Scott Dove 0-0: Called Strike
0-1: Called Strike
0-2: Strikes out swinging
Bottom of the 3rd over - 0 runs, 0 hits, 0 errors, 0 left on base; Stanford University 2 - University of South Carolina 1
TOP OF THE 4TH
Stanford University Cardinal batting - Pitching for University of South Carolina Gamecocks : RHP Tim Tucker
Batting: RHB Nick Phipps 0-0: Swinging Strike
0-1: Ball
1-1: Called Strike
1-2: Ball
2-2: Foul Ball, location: 2F
2-2: Strikes out swinging
Batting: SHB Jarrod Lindblad 0-0: Ball
1-0: Foul Ball, location: 2F
1-1: Ball
2-1: Swinging Strike
2-2: Ball
3-2: Base on Balls
Batting: LHB Ken Intagliata 0-0: Ball
1-0: Ball
2-0: Ball
3-0: Called Strike
3-1: Foul Ball, location: 2F
3-2: SINGLE (Groundball, 3D, EV 102.5 MPH)
Jarrod Lindblad to second
Jarrod Lindblad to third
Pitching: LHP Nate Hardin
Batting: RHB Zack DiCicco 0-0: Called Strike
0-1: Foul Ball, location: 2F
0-2: Fielders Choice at 2nd, 1-4 (Groundball, 15S, EV 72.5 MPH)
Batting: RHB Bill Moldenhauer 0-0: Called Strike
0-1: Ball
1-1: Called Strike
1-2: Hit by Pitch
Zack DiCicco to second
Batting: SHB Ryan Doss 0-0: Ball
1-0: Ball
2-0: Foul Ball, location: 2F
2-1: Foul Ball, location: 2F
2-2: Foul Ball, location: 2F
2-2: Ball
3-2: Base on Balls
Jarrod Lindblad scores
Zack DiCicco to third
Bill Moldenhauer to second
Batting: LHB Tom Raupp 0-0: Foul Ball, location: 2F
0-1: Foul Ball, location: 2F
0-2: Fly out, F8 (Flyball, 8RS, EV 83.8 MPH)
Top of the 4th over - 1 run, 1 hit, 0 errors, 3 left on base; Stanford University 3 - University of South Carolina 1
BOTTOM OF THE 4TH
University of South Carolina Gamecocks batting - Pitching for Stanford University Cardinal : LHP Ken Intagliata
Batting: RHB John Paredes 0-0: Fly out, F7 (Flyball, 7LS, EV 84.4 MPH)
Batting: RHB Kevin Roseen 0-0: Ball
1-0: Swinging Strike
1-1: Ground out 5-3 (Groundball, 56, EV 97.5 MPH)
Batting: RHB Billy Grubbs 0-0: Called Strike
0-1: Fly out, F8 (Flyball, 8LD, EV 86.3 MPH)
Bottom of the 4th over - 0 runs, 0 hits, 0 errors, 0 left on base; Stanford University 3 - University of South Carolina 1
TOP OF THE 5TH
Stanford University Cardinal batting - Pitching for University of South Carolina Gamecocks : LHP Nate Hardin
Batting: RHB Federico Naranjo 0-0: Called Strike
0-1: SINGLE (Groundball, 6MD, EV 96.3 MPH)
Batting: RHB Bruce Ayotte 0-0: Ball
1-0: Fly out, F7 (Flyball, 7LM, EV 99.4 MPH)
Batting: RHB Nick Phipps 0-0: Ball
1-0: Fly out, F8 (Flyball, 8LM, EV 86.9 MPH)
Batting: SHB Jarrod Lindblad 0-0: Ball
1-0: Called Strike
1-1: Ball
2-1: Foul Ball, location: 2F
2-2: Ball
Federico Naranjo steals 2nd base
3-2: Ground out 4-3 (Groundball, 13, EV 83.8 MPH)
Top of the 5th over - 0 runs, 1 hit, 0 errors, 1 left on base; Stanford University 3 - University of South Carolina 1
BOTTOM OF THE 5TH
University of South Carolina Gamecocks batting - Pitching for Stanford University Cardinal : LHP Ken Intagliata
Batting: SHB Charlie Keller 0-0: Ball
1-0: Fly out, F4 (Popup, 34, EV 60.0 MPH)
Batting: RHB Jesus Santiago 0-0: Ball
1-0: Ball
2-0: Foul Ball, location: 2F
2-1: Called Strike
2-2: Strikes out swinging
Batting: LHB Phil Gould 0-0: Called Strike
0-1: Foul Ball, location: 2F
0-2: Strikes out swinging
Bottom of the 5th over - 0 runs, 0 hits, 0 errors, 0 left on base; Stanford University 3 - University of South Carolina 1
TOP OF THE 6TH
Stanford University Cardinal batting - Pitching for University of South Carolina Gamecocks : LHP Nate Hardin
Batting: LHB Ken Intagliata 0-0: Called Strike
0-1: Called Strike
0-2: Ball
1-2: Foul Ball, location: 2F
1-2: Foul Ball, location: 2F
1-2: Ball
2-2: Strikes out swinging
Batting: RHB Zack DiCicco 0-0: Ball
1-0: Swinging Strike
1-1: Ball
2-1: Ball
3-1: Swinging Strike
3-2: Strikes out swinging
Batting: RHB Bill Moldenhauer 0-0: Foul Ball, location: 2F
0-1: Foul Ball, location: 2F
0-2: Foul Ball, location: 2F
0-2: Ball
1-2: Ball
2-2: Ball
3-2: Fly out, F4 (Popup, 3D, EV 55.6 MPH)
Top of the 6th over - 0 runs, 0 hits, 0 errors, 0 left on base; Stanford University 3 - University of South Carolina 1
BOTTOM OF THE 6TH
University of South Carolina Gamecocks batting - Pitching for Stanford University Cardinal : LHP Ken Intagliata
Pinch Hitting: RHB Dave Perron 0-0: Ball
1-0: Reached on error, E5 (Groundball, 56, EV 100.0 MPH)
Batting: RHB Mike Sebastian 0-0: Fly out, F7 (Flyball, 7LM, EV 85.0 MPH)
Batting: RHB Scott Dove 0-0: Ball
1-0: Grounds into double play, 6-4-3 (Groundball, 6, EV 89.4 MPH)
Bottom of the 6th over - 0 runs, 0 hits, 1 error, 0 left on base; Stanford University 3 - University of South Carolina 1
TOP OF THE 7TH
Stanford University Cardinal batting - Pitching for University of South Carolina Gamecocks : LHP Nate Hardin
Pitching: RHP Jeremy Langland
Batting: SHB Ryan Doss 0-0: Ball
1-0: Ball
2-0: Ball
3-0: Base on Balls
Pitching: RHP Sam Wilson
Batting: LHB Tom Raupp 0-0: Ball
1-0: Ball
2-0: Foul Ball, location: 2F
2-1: Foul Ball, location: 2F
2-2: Ball
3-2: Fly out, F8 (Flyball, 8RM, EV 95.6 MPH)
Batting: RHB Federico Naranjo 0-0: Called Strike
0-1: Ball
1-1: Foul Ball, location: 2F
1-2: Ball
2-2: Ground out 6-3 (Groundball, 56, EV 95.6 MPH)
Ryan Doss to second
Batting: RHB Bruce Ayotte 0-0: Called Strike
0-1: DOUBLE (Line Drive, 78D, EV 110.0 MPH)
Ryan Doss scores
Batting: RHB Nick Phipps 0-0: Ball
1-0: Called Strike
1-1: Ball
2-1: Foul Ball, location: 2F
2-2: Strikes out swinging
Top of the 7th over - 1 run, 1 hit, 0 errors, 1 left on base; Stanford University 4 - University of South Carolina 1
BOTTOM OF THE 7TH
University of South Carolina Gamecocks batting - Pitching for Stanford University Cardinal : LHP Ken Intagliata
Batting: RHB John Paredes 0-0: SINGLE (Groundball, 56D, EV 99.4 MPH)
Batting: RHB Kevin Roseen 0-0: Grounds into double play, 5-4-3 (Groundball, 56S, EV 84.4 MPH)
Batting: RHB Billy Grubbs 0-0: Foul Ball, location: 2F
0-1: Called Strike
0-2: Ball
1-2: Strikes out looking
Bottom of the 7th over - 0 runs, 1 hit, 0 errors, 0 left on base; Stanford University 4 - University of South Carolina 1
TOP OF THE 8TH
Stanford University Cardinal batting - Pitching for University of South Carolina Gamecocks : RHP Sam Wilson
Pitching: RHP Ray Leuthauser
Batting: SHB Jarrod Lindblad 0-0: Ball
1-0: Foul Ball, location: 2F
1-1: Fly out, F8 (Flyball, 8LD, EV 101.3 MPH)
Batting: LHB Ken Intagliata 0-0: Called Strike
0-1: Fly out, F8 (Line Drive, 8LM, EV 96.9 MPH)
Batting: RHB Zack DiCicco 0-0: Ball
1-0: Ground out 4-3 (Groundball, 34, EV 82.5 MPH)
Top of the 8th over - 0 runs, 0 hits, 0 errors, 0 left on base; Stanford University 4 - University of South Carolina 1
BOTTOM OF THE 8TH
University of South Carolina Gamecocks batting - Pitching for Stanford University Cardinal : LHP Ken Intagliata
Batting: SHB Charlie Keller 0-0: Called Strike
0-1: Called Strike
0-2: Ground out 4-3 (Groundball, 4, EV 84.4 MPH)
Batting: RHB Jesus Santiago 0-0: Called Strike
0-1: Ball
1-1: Ball
2-1: Called Strike
2-2: Strikes out swinging
Batting: LHB Phil Gould 0-0: Foul Ball, location: 2F
0-1: Ball
1-1: Ball
2-1: Foul Ball, location: 2F
2-2: Foul Ball, location: 2F
2-2: Strikes out swinging
Bottom of the 8th over - 0 runs, 0 hits, 0 errors, 0 left on base; Stanford University 4 - University of South Carolina 1
TOP OF THE 9TH
Stanford University Cardinal batting - Pitching for University of South Carolina Gamecocks : RHP Ray Leuthauser
Batting: RHB Bill Moldenhauer 0-0: Ball
1-0: Ball
2-0: Called Strike
2-1: Foul Ball, location: 2F
2-2: Strikes out looking
Batting: SHB Ryan Doss 0-0: Called Strike
0-1: Called Strike
0-2: Ball
1-2: Ball
2-2: Ball
3-2: DOUBLE (Line Drive, 8LD, EV 102.5 MPH)
Batting: LHB Tom Raupp 0-0: Intentional Walk
Batting: RHB Federico Naranjo 0-0: Foul Ball, location: 2F
0-1: Ball
1-1: TRIPLE (Flyball, 7LD, EV 104.4 MPH)
Ryan Doss scores
Tom Raupp scores
Batting: RHB Bruce Ayotte 0-0: Fly out, F3 (Popup, 3SF, EV 68.1 MPH)
Batting: RHB Nick Phipps 0-0: Called Strike
0-1: Swinging Strike
0-2: Ball
1-2: Strikes out swinging
Top of the 9th over - 2 runs, 2 hits, 0 errors, 1 left on base; Stanford University 6 - University of South Carolina 1
BOTTOM OF THE 9TH
University of South Carolina Gamecocks batting - Pitching for Stanford University Cardinal : LHP Ken Intagliata
Pitching: RHP Travis Forehand
Pinch Hitting: RHB Marco Diaz 0-0: Foul Ball, location: 2F
0-1: Ball
1-1: Swinging Strike
1-2: Strikes out looking
Batting: RHB Mike Sebastian 0-0: Called Strike
0-1: TRIPLE (Line Drive, 89XD, EV 96.9 MPH)
Batting: RHB Scott Dove 0-0: Fly out, F9 (Flyball, 9LS, EV 81.3 MPH)
Batting: RHB John Paredes 0-0: Ball
1-0: Swinging Strike
1-1: Foul Ball, location: 2F
1-2: Ball
2-2: Fly out, F6 (Line Drive, 6, EV 73.1 MPH)
Bottom of the 9th over - 0 runs, 1 hit, 0 errors, 1 left on base; Stanford University 6 - University of South Carolina 1
Wednesday, June 22nd , 2022 - OOTP Baseball 23.4 Build 64